 Dungeon Crawl Stone Soup version 0.20-a0-270-g8e735b6 (webtiles) character file.

3751 KristoblXynda the Cleaver (level 9, -16/67 HPs)
             Began as a Demonspawn Gladiator on Dec 10, 2016.
             Was a Believer of Qazlal.
             Killed from afar by Erica (22 damage)
             ... with a bolt of poison
             ... on level 11 of the Dungeon.
             The game lasted 00:16:52 (5813 turns).

KristoblXynda the Cleaver (Demonspawn Gladiator)    Turns: 5813, Time: 00:16:53

Health: -16/67     AC: 14    Str: 17    XL:     9   Next: 93%
Magic:  12/12      EV: 11    Int: 14    God:    Qazlal [**....]
Gold:   275        SH:  2    Dex: 13    Spells: 8/8 levels left

rFire  . . .     SeeInvis .     A - +2 war axe
rCold  . . .     Gourm    .     t - +1 scale mail
rNeg   + . .     Faith    .     (no shield)
rPois  .         Spirit   .     (helmet restricted)
rElec  .         Reflect  .     n - +0 cloak
rCorr  .         Harm     .     (no gloves)
MR     .....                    j - +0 pair of boots
Stlth  +.........               (no amulet)
                                q - ring of stealth
                                c - ring of positive energy

@: lethally poisoned (-16 -> -26)
A: horns 2, molten scales 2, clever 1, demonic guardian 1, regeneration 1,
robust 1, rot immunity
a: Upheaval, Renounce Religion


You were on level 11 of the Dungeon.
You worshipped Qazlal.
Qazlal was pleased with you.
You were hungry.

You visited 2 branches of the dungeon, and saw 10 of its levels.

You collected 275 gold pieces.

Inventory:

Hand Weapons
 e - a +0 whip of flaming
 A - a +2 war axe (weapon)
Missiles
 d - 3 throwing nets (quivered)
Armour
 j - a +0 pair of boots (worn)
 n - a +0 cloak (worn)
 t - a +1 scale mail (worn)
Jewellery
 c - a ring of positive energy (left hand)
 q - a ring of stealth (right hand)
 r - an uncursed ring of wizardry
 w - an uncursed ring of stealth
Wands
 v - a wand of heal wounds (5/9)
 B - a wand of digging (9/24)
Scrolls
 b - 2 scrolls of immolation
 g - a scroll of remove curse
 i - 3 scrolls of teleportation
 k - a scroll of enchant armour
 l - a scroll of recharging
 y - a scroll of amnesia
Potions
 o - a potion of magic
 s - a potion of ambrosia
Books
 m - a book of Necromancy

   Spells                             Type                      Level
   a - Pain                           Necromancy                   1
   b - Animate Skeleton               Necromancy                   1
   c - Vampiric Draining              Necromancy                   3
   d - Regeneration                   Charms/Necromancy            3
   e - Animate Dead                   Necromancy                   4
   f - Control Undead                 Necromancy                   4
 x - a book of Misfortune

   Spells                             Type                      Level
   a - Confusing Touch                Hexes                        1
   b - Confuse                        Hexes                        3
   c - Gell's Gravitas                Hexes/Translocation          3
   d - Petrify                        Transmutation/Earth          4
   e - Metabolic Englaciation         Hexes/Ice                    5
   f - Yara's Violent Unravelling     Hexes/Transmutation          5
 z - a book of Air

   Spells                             Type                      Level
   a - Shock                          Conjuration/Air              1
   b - Swiftness                      Charms/Air                   2
   c - Repel Missiles                 Charms/Air                   2
   d - Static Discharge               Conjuration/Air              3
   e - Lightning Bolt                 Conjuration/Air              5
Comestibles
 f - 3 bread rations
 h - 3 meat rations
 u - 5 fruits


   Skills:
 - Level 2.0 Fighting
 * Level 10.2 Axes
 - Level 2.1 Throwing
 + Level 7.0 Armour
 - Level 3.0 Dodging
 + Level 4.8 Invocations
 - Level 2.8 Evocations


You had 8 spell levels left.
You didn't know any spells.

Dungeon Overview and Level Annotations

Branches:
Dungeon (11/15)            Temple (1/1) D:6
   Lair: D:8-11         Orc: D:9-12

Altars:
Ashenzari
Cheibriados
Dithmenos
Elyvilon
Fedhas
Gozag
Hepliaklqana
Kikubaaqudgha
Nemelex Xobeh
Okawaru
Qazlal
Ru
Sif Muna
Trog
Uskayaw
Vehumet
Xom
Yredelemnul
Zin
The Shining One

Annotations:
D:10 Snorg
D:11 Erica


Innate Abilities, Weirdness & Mutations

You have a pair of horns on your head.
You are mostly covered in molten scales. (AC +3)
A weak demonic guardian rushes to your aid.
You are immune to rotting.
Your mind is acute. (Int +2)
Your natural rate of healing is unusually fast.
You are robust. (+10% HP)


Message History

You hear some strange, mumbled words.
You are confused.
You feel better. The hippogriff barely misses you. The hippogriff pecks you.
The hippogriff claws you but does no damage.
You hear some strange, mumbled words.
A bolt of poison appears from out of thin air!
The bolt of poison hits you!
You are poisoned.
* * * LOW HITPOINT WARNING * * *
Your magical effects are unravelling.
You feel magically purged.
You feel yourself speed up.
You feel sick.
The hippogriff bites you but does no damage.
The hippogriff barely misses you. You block the hippogriff's attack.
You hear some strange, mumbled words.
A bolt of poison appears from out of thin air!
The bolt of poison hits you!
You are lethally poisoned!
You die...

.># ##.#### #. #[#
#...... #.
#.###...### #.
#####.#.......# #.
#.............# #.
#.###.#.......# #.
#.# #.##......#
#H###5###.###...#..
#.@{......# ##.....
#####.##### .####
#.# .# #.# #.# #@#
..# .#


You could see a hippogriff and a friendly white imp (confused).

Vanquished Creatures
  Pikel (D:5)
  A hornet (D:7)
  A hippogriff (D:7)
  Edmund (D:5)
  Duvessa (D:4)
  2 ice beasts
  2 sky beasts (D:7)
  2 ogres (D:5)
  A centaur (D:7)
  A bullfrog (D:7)
  Dowan (D:4)
  A scorpion (D:5)
  4 killer bees (D:11)
  6 wights (D:6)
  A howler monkey (D:7)
  A centaur zombie (D:5)
  A crimson imp (D:5)
  A bullfrog zombie (D:5)
  A jelly (D:5)
  2 hounds
  An orc priest (D:6)
  An iguana (D:6)
  A centaur skeleton (D:7)
  Jessica (D:2)
  Ijyb (D:2)
  Natasha (D:4)
  5 orc wizards
  2 worker ants (D:7)
  9 gnolls
  9 adders
  A worker ant zombie (D:11)
  An ooze (D:1)
  An adder skeleton (D:4)
  3 worms
  2 dart slugs
  3 leopard geckos
  26 orcs
  2 ball pythons
  7 giant cockroaches
  17 goblins
  14 hobgoblins
  11 jackals
  6 quokkas
  7 bats
  2 frilled lizards (D:1)
  15 kobolds
  A quokka skeleton (D:7)
  6 rats
188 creatures vanquished.

Vanquished Creatures (collateral kills)
  Grinder (D:4)
  Sigmund (D:2)
  Purgy (D:4)
  A sky beast (D:6)
  An ogre (D:5)
  A scorpion (D:7)
  2 wights (D:6)
  2 killer bees (D:10)
  Robin (D:2)
  A gnoll (D:7)
  A leopard gecko (D:4)
  An orc (D:7)
  4 goblins (D:2)
  3 hobgoblins (D:2)
21 creatures vanquished.

Vanquished Creatures (others)
  A crimson imp (D:5)
  A worker ant (D:5)
  A hobgoblin (D:2)
3 creatures vanquished.

Grand Total: 212 creatures vanquished

Notes
Turn   | Place    | Note
-------+----------+-------------------------------------------
     0 | D:1      | KristoblXynda the Demonspawn Gladiator began the quest for the Orb.
     0 | D:1      | Reached XP level 1. HP: 16/16 MP: 1/1
   264 | D:1      | Gained mutation: A weak demonic guardian rushes to your aid. [demonic ancestry]
   264 | D:1      | Reached XP level 2. HP: 14/22 MP: 2/2
   590 | D:1      | Reached skill level 1 in Armour
   826 | D:2      | Noticed Robin
   829 | D:2      | Gained mutation: You have a pair of small horns on your head. [demonic ancestry]
   829 | D:2      | Reached XP level 3. HP: 22/27 MP: 3/3
   832 | D:2      | Reached skill level 3 in Axes
  1065 | D:2      | Noticed Jessica
  1070 | D:2      | Killed Jessica
  1084 | D:2      | Found a radiant altar of Vehumet.
  1106 | D:2      | Noticed Sigmund
  1117 | D:2      | Killed Sigmund
  1117 | D:2      | Reached skill level 4 in Axes
  1117 | D:2      | Gained mutation: You are partially covered in molten scales. (AC +2) [demonic ancestry]
  1117 | D:2      | Reached XP level 4. HP: 13/33 MP: 4/4
  1117 | D:2      | Reached XP level 5. HP: 15/38 MP: 5/5
  1177 | D:2      | Gained mutation: Your natural rate of healing is unusually fast. [potion of mutation]
  1177 | D:2      | Gained mutation: You are robust. (+10% HP) [potion of mutation]
  1177 | D:2      | Gained mutation: Your mind is acute. (Int +2) [potion of mutation]
  1279 | D:2      | Noticed Ijyb
  1286 | D:2      | Killed Ijyb
  1292 | D:2      | Killed Robin
  1497 | D:2      | Found a sparkling altar of Nemelex Xobeh.
  1931 | D:3      | Found a faded altar of an unknown god.
  2078 | D:3      | Gained mutation: You are mostly covered in molten scales. (AC +3) [demonic ancestry]
  2078 | D:3      | Reached XP level 6. HP: 41/48 MP: 6/6
  2195 | D:3      | Found a basalt altar of Yredelemnul.
  2442 | D:4      | Noticed Grinder
  2442 | D:4      | Paralysed by Grinder for 2 turns
  2450 | D:4      | Killed Grinder
  2450 | D:4      | Reached skill level 5 in Axes
  2524 | D:4      | Noticed Purgy
  2532 | D:4      | Killed Purgy
  2616 | D:4      | Gained mutation: You are immune to rotting. [demonic ancestry]
  2616 | D:4      | Reached XP level 7. HP: 51/55 MP: 7/7
  2668 | D:4      | Noticed Duvessa
  2668 | D:4      | Noticed Dowan
  2678 | D:4      | Killed Duvessa
  2678 | D:4      | Reached skill level 6 in Axes
  2702 | D:4      | Killed Dowan
  2875 | D:4      | Noticed Natasha
  2878 | D:4      | Killed Natasha
  3021 | D:5      | Entered Level 5 of the Dungeon
  3057 | D:5      | Noticed Pikel
  3097 | D:5      | Killed Pikel
  3097 | D:5      | Reached skill level 7 in Axes
  3097 | D:5      | Reached skill level 5 in Armour
  3097 | D:5      | Gained mutation: You have a pair of horns on your head. [demonic ancestry]
  3097 | D:5      | Reached XP level 8. HP: 53/61 MP: 8/8
  3158 | D:5      | Reached skill level 1 in Evocations
  3212 | D:5      | Reached skill level 8 in Axes
  3757 | D:5      | Noticed Edmund
  3775 | D:5      | Killed Edmund
  3933 | D:6      | Found a sacrificial altar of Ru.
  4007 | D:6      | Reached XP level 9. HP: 65/67 MP: 10/10
  4047 | D:6      | Found a staircase to the Ecumenical Temple.
  4075 | Temple   | Entered the Ecumenical Temple
  4186 | Temple   | Became a worshipper of Qazlal Stormbringer
  4249 | D:6      | Reached skill level 1 in Invocations
  4454 | D:6      | Reached skill level 9 in Axes
  4480 | D:6      | Reached * piety under Qazlal
  4846 | D:6      | Found a deep blue altar of Sif Muna.
  4853 | D:6      | Identified a scroll of acquirement
  5519 | D:7      | Reached skill level 10 in Axes
  5644 | D:7      | Reached ** piety under Qazlal
  5697 | D:7      | You fall through a shaft for 3 floors!
  5697 | D:10     | Entered Level 10 of the Dungeon
  5707 | D:10     | Noticed an orc knight
  5712 | D:10     | Noticed Snorg
  5800 | D:11     | Noticed Erica
  5813 | D:11     | Killed from afar by Erica

Vault maps used:
D:1:      mrwooster_arrival_statue
D:2:      fiery_altar_vehumet, lemuel_doored_altar, kennysheep_nondescript,
          uniq_iyjb, uniq_robin, uniq_jessica, uniq_sigmund
D:3:      nicolae_overflow_hidden_temple, first_bread,
          chequers_ecumenical_altar_simple_redux
D:4:      uniq_duvessa, uniq_natasha, uniq_grinder, uniq_purgy
D:5:      uniq_edmund, uniq_pikel
D:6:      corexii_shantytown, nicolae_ru_path_of_blood, led_sif_book
D:10:     basic_altar, hangedman_stone_soup, nicolae_wwwww, minivault_20,
          uniq_fannar, uniq_joseph, uniq_snorg, uniq_harold
D:11:     uniq_psyche, uniq_erica
Temple:   compressed_dpeg_circular_temple

Skill      XL: |  1  2  3  4  5  6  7  8  9 |
---------------+----------------------------+-----
Throwing       | 2 |  2.1
Dodging        | 3 |  3.0
Armour         | 1 2 3 5 7 |  7.0
Axes           | 4 5 7 8 10 | 10.2
Evocations     | 2 |  2.8
Invocations    | 4 |  4.8
Fighting       | |  2.0

Action                   |  1- 3 |  4- 6 |  7- 9 || total
-------------------------+-------+-------+-------++-------
Melee: War axe           |    92 |   151 |   354 ||   597
       Headbutt          |     4 |    23 |    79 ||   106
       Whip              |       |       |    55 ||    55
  Use: Potion            |       |     3 |     5 ||     8
       Scroll            |       |     8 |    10 ||    18
 Stab: Sleeping          |     1 |       |       ||     1
       Distracted        |       |       |     1 ||     1
  Eat: Chunk             |     1 |     4 |     6 ||    11
       Fruit             |       |     1 |     1 ||     2
       Royal jelly       |       |       |     1 ||     1
       Beef jerky        |       |       |     1 ||     1
Armor: Leather armour    |    33 |       |       ||    33
       Ring mail         |     6 |    62 |       ||    68
       Scale mail        |       |    59 |   241 ||   300
       Skin              |       |     5 |       ||     5
Dodge: Dodged            |    78 |   131 |   262 ||   471
Block: Other             |       |       |    21 ||    21
